Map: Dusty Gorge

Players

JEDI

  • Race: Protoss Protoss
  • League: Silver
  • Spawn Location: 9:00

MaverickFord

  • Race: Terran Terran
  • Spawn Location: 11:00

OpuS - Winner!

  • Race: Protoss Protoss
  • League: Platinum
  • Spawn Location: 5:00

Sketchaphone - Winner!

  • Race: Zerg Zerg
  • League: Platinum
  • Spawn Location: 3:00

VOD

Have the link to the VOD?

Description

Time

  • Played on: Feb. 12, 2019, 7:59 p.m.
  • Length: 7:21
Show
View Real Time Build Order
Export as new Build Order

JEDI Protoss 

Build Orders:  

Get SALT Encoding   

  12  0:20  Probe  
  12  0:28  Probe  
  14  0:38  Probe  
  14  0:39  Pylon  
  15  0:57  Probe  
  16  1:05  Pylon  
  16  1:09  Probe, Gateway  
  16  1:11  Gateway  
  17  1:23  Gateway  
  17  1:29  Pylon  
  17  2:18  Zealot x3  
  23  2:40  Pylon  
  23  2:45  Zealot x3  
  29  3:01  Forge  
  29  3:12  Zealot x3  
  35  3:39  Zealot x3  
  32  4:09  Zealot  
  36  4:10  Zealot x2  
  38  4:45  Pylon  
  24  6:00  Probe  
  21  6:12  Probe  
  18  6:20  Pylon  
  18  6:21  Pylon  
  18  6:23  Pylon  
  18  6:25  Probe  
  7  6:37  Probe  
  8  6:40  Gateway  
  8  6:42  Gateway  
  8  6:47  Photon Cannon  
  8  6:49  Probe  
  8  6:50  Photon Cannon  
  8  6:52  Photon Cannon  
  9  7:04  Photon Cannon  
Show
View Real Time Build Order
Export as new Build Order

MaverickFord Terran 

Build Orders:  

Get SALT Encoding   

  12  0:13  SCV  
  13  0:37  SCV  
  14  0:49  SCV  
  15  1:04  Supply Depot  
  15  1:26  Supply Depot, SCV  
  15  1:30  Barracks  
  16  1:36  Barracks  
  16  1:38  SCV  
  17  1:50  SCV  
  17  1:51  Supply Depot  
  18  2:08  Engineering Bay  
  18  2:15  Refinery  
  18  2:20  Marine  
  19  2:26  Marine  
  19  2:29  Barracks  
  20  2:38  Marine  
  21  2:48  Marine  
  22  2:56  Marine  
  23  3:06  Marine  
  23  3:12  Refinery, SCV  
  25  3:14  Marine  
  26  3:24  Marine, SCV  
  28  3:31  Marine  
  29  3:36  Supply Depot  
  29  3:37  SCV  
  30  3:41  Marine  
  31  3:49  Marine, SCV  
  31  3:59  Marine  
  27  4:07  Marine  
  14  4:17  Marine  
  6  4:25  Marine  
  1  6:46  Barracks Tech Lab  
Show
View Real Time Build Order
Export as new Build Order

OpuS Protoss - Winner!

Build Orders:  

Get SALT Encoding   

  12  0:01  Probe  
  13  0:13  Probe  
  14  0:20  Pylon  
  14  0:25  Probe  
  15  0:38  Probe  
  15  0:42  Gateway  
  16  0:48  Probe  
  16  0:56  Probe, Assimilator  
  18  1:08  Pylon  
  18  1:20  Forge  
  18  1:22  Pylon  
  18  1:29  Zealot  
  20  1:33  Probe  
  21  1:44  Probe  
  21  1:45  Gateway  
  22  1:57  Photon Cannon  
  21  2:04  Probe  
  21  2:05  Zealot  
  23  2:13  Probe  
  25  2:23  Photon Cannon  
  25  2:36  Zealot, Cybernetics Core  
  27  2:45  Zealot  
  29  2:52  Photon Cannon  
  29  2:58  Probe  
  30  3:10  Probe  
  30  3:11  Pylon  
  30  3:12  Warp Gate  
  31  3:16  Shield Battery  
  31  3:26  Stalker  
  33  3:46  Robotics Facility  
  33  3:57  Zealot  
  33  4:00  Stalker  
  33  4:20  Gateway  
  33  4:25  Zealot  
  33  4:30  Zealot  
  37  4:34  Immortal  
  41  4:52  Assimilator  
  41  5:14  Adept  
  41  5:15  Adept x2  
  47  5:24  Gateway  
  47  5:37  Nexus  
  47  5:45  Pylon  
  47  5:46  Pylon  
  47  5:48  Pylon  
  47  6:03  Immortal  
  47  6:04  Adept x2  
  53  6:14  Pylon  
  51  6:23  Gateway  
  51  6:30  Adept x2  
  55  6:49  Probe x2  
  57  7:01  Probe x2  
  58  7:07  Zealot x2  
Show
View Real Time Build Order
Export as new Build Order

Sketchaphone Zerg - Winner!

Build Orders: Hatch First 

Get SALT Encoding   

  12  0:01  Drone  
  13  0:12  Overlord  
  13  0:18  Drone  
  14  0:22  Extractor  
  14  0:24  Drone  
  15  0:31  Drone  
  16  0:36  Drone  
  17  0:57  Hatchery  
  16  0:59  Drone  
  17  1:15  Spawning Pool  
  16  1:24  Drone x2  
  16  1:25  Drone  
  19  1:35  Drone  
  19  1:38  Extractor  
  19  1:46  Overlord  
  19  1:58  Drone  
  20  2:02  Queen  
  22  2:10  Zergling x2  
  22  2:11  Queen  
  22  2:13  Zergling x2  
  26  2:17  Spine Crawler  
  26  2:19  Zergling x2  
  26  2:20  Drone  
  27  2:29  Drone  
  28  2:31  Drone  
  29  2:39  Metabolic Boost  
  30  2:51  Drone  
  30  2:53  Overlord  
  30  3:00  Spine Crawler  
  30  3:02  Roach Warren, Drone  
  29  3:12  Zergling x2  
  30  3:13  Zergling x2  
  30  3:41  Spine Crawler  
  27  4:21  Hatchery  
  26  4:26  Drone  
  18  5:24  Spine Crawler  
  17  5:30  Roach x3  
  23  5:36  Drone  
  24  6:00  Spine Crawler  
  23  6:08  Roach x4  
  31  6:22  Drone  
  31  6:23  Drone x3  
  35  6:33  Drone x3  
  38  6:47  Drone x3  
  41  6:49  Drone  
  42  6:57  Drone  
Tags
 
Add a new tag
Caveats
  • Supply blocks, unpowered buildings, or Contaminate may cause inaccurate times.
  • Supply counts are checked every 10 seconds.